 Dungeon Crawl Stone Soup version 0.17.0-22-g5edae84 (webtiles) character file.

3106 ketsa the Cleaver (level 9, -1/82 HPs)
             Began as a Minotaur Berserker on Nov 12, 2015.
             Was an Elder of Trog.
             Slain by an orc warrior
             ... wielding a +0 halberd
              (17 damage)
             ... on level 7 of the Dungeon.
             The game lasted 00:19:34 (7771 turns).

ketsa the Cleaver (Minotaur Berserker)              Turns: 7771, Time: 00:19:34

Health: -1/82      AC:  9    Str: 26    XL:     9   Next: 60%
Magic:  11/11      EV: 11    Int:  4    God:    Trog [****..]
Gold:   387        SH:  0    Dex:  9    Spells: 0 memorised, 8 levels left

rFire  . . .     SeeInvis .     k - +2 hand axe (flame)
rCold  . . .     Clarity  .     p - +0 ring mail
rNeg   . . .     SustAt   .     (no shield)
rPois  .         Gourm    .     (helmet restricted)
rElec  .         Spirit   .     E - +1 cloak
rCorr  .         Warding  .     (no gloves)
rMut   .         Stasis   .     (no boots)
MR     .....                    (no amulet)
Stlth  ..........               (no ring)
                                (no ring)

@: exhausted, slowed, very slow, not resistant to hostile enchantments,
extremely unstealthy
A: retaliatory headbutt, horns 2
a: Berserk, Trog's Hand, Brothers in Arms, Burn Spellbooks, Renounce Religion


You were on level 7 of the Dungeon.
You worshipped Trog.
Trog was greatly pleased with you.
You were not hungry.

You visited 2 branches of the dungeon, and saw 8 of its levels.

You collected 387 gold pieces.

Inventory:

Hand Weapons
 a - a +0 hand axe
 k - a +2 hand axe of flaming (weapon)
 y - a +0 morningstar
 z - a +0 whip of freezing
 D - a +2 quarterstaff of chaos
Missiles
 s - 15 tomahawks (quivered)
 x - 6 javelins
Armour
 p - a +0 ring mail (worn)
 E - a +1 cloak (worn)
Wands
 G - a wand of lightning (0)
 K - a wand of hasting (6)
Scrolls
 b - 4 scrolls of identify
 d - 5 scrolls of remove curse
 e - a scroll of enchant armour
 n - a scroll of fear
 o - 6 scrolls of teleportation
 t - a scroll of fog {unknown}
 v - a scroll of immolation {unknown}
 I - a scroll of random uselessness {unknown}
Potions
 g - 2 potions of invisibility
 i - 3 potions of agility
 m - 2 potions of lignification
 q - 2 potions of degeneration {unknown}
 r - a potion of heal wounds {unknown}
 u - 4 potions of might
 w - a potion of ambrosia {unknown}
 A - a potion of flight {unknown}
 F - a potion of cure mutation {unknown}
 J - a potion of poison {unknown}
Comestibles
 c - 3 bread rations
 f - 8 fruits
 h - 11 chunks of flesh
 j - a beef jerky
 H - 2 meat rations


   Skills:
 + Level 8.5 Fighting
 + Level 10.7 Axes
 + Level 8.0 Armour
 - Level 2.1 Dodging
 * Level 4.5 Evocations


You had 8 spell levels left.
You didn't know any spells.

Dungeon Overview and Level Annotations

Branches:
Dungeon (7/15)             Temple (1/1) D:7

Altars:
Ashenzari
Cheibriados
Dithmenos
Elyvilon
Fedhas
Gozag
Kikubaaqudgha
Makhleb
Nemelex Xobeh
Okawaru
Qazlal
Sif Muna
Trog
Yredelemnul
Zin


Innate Abilities, Weirdness & Mutations

You reflexively headbutt those who attack you in melee.
You have a pair of horns on your head.


Message History

This raw flesh tastes terrible.
You continue eating. x2
An orc warrior comes into view. It is wielding a halberd.
The orc warrior shouts!
The orc warrior hits you from afar with a halberd!!
* * * LOW HITPOINT WARNING * * *
Drink which item? (? for menu, Esc to quit)
You feel better. The orc warrior closely misses you.
Drink which item? (? for menu, Esc to quit)
You feel better.
The orc warrior hits you from afar with a halberd!
* * * LOW HITPOINT WARNING * * *
Drink which item? (? for menu, Esc to quit)
You feel better.
The orc warrior hits you from afar with a halberd!
* * * LOW HITPOINT WARNING * * *
Drink which item? (? for menu, Esc to quit)
You feel better.
The orc warrior hits you from afar with a halberd!
You die...

......#............#
+######....).##'####
##......##....#
#........#....#
+........#....#
#......<.#....#
#........'....#
##################'##
.....?........o.@...#
....................#
....................#
....).)......^......#
....[...............#
....)########.......#
.....# #########
.....# ...o.#


You could see an orc warrior.

Vanquished Creatures
  Pikel (D:4)
  The ghost of septik the Grappler, a novice NaFi (D:5)
  Grinder (D:5)
  Sigmund (D:3)
  Duvessa (D:5)
  6 ogres
  2 slaves (D:4)
  An orc warrior (D:7)
  2 centaurs
  2 giant frogs
  Dowan (D:5)
  2 scorpions (D:4)
  A crimson imp (D:5)
  A centaur zombie (D:5)
  2 orc wizards
  Crazy Yiuf (D:5)
  Ijyb (D:3)
  2 hounds
  An orc priest (D:7)
  3 iguanas
  A worker ant (D:5)
  A hound skeleton (D:4)
  Robin (D:3)
  8 adders
  3 gnolls
  2 shadow imps (D:5)
  2 oozes
  An adder zombie (D:7)
  A worm (D:4)
  An adder skeleton (D:4)
  8 giant geckos
  19 orcs
  7 bats
  3 giant cockroaches
  2 gnoll zombies (D:3)
  20 goblins
  10 hobgoblins
  2 jackals (D:4)
  A quokka (D:2)
  A ball python (D:3)
  A ball python skeleton (D:4)
  2 giant gecko skeletons (D:4)
  A giant gecko zombie (D:5)
  5 giant newts
  8 kobolds
  8 rats
152 creatures vanquished.

Vanquished Creatures (others)
  A slave (D:4)
  An adder (D:4)
2 creatures vanquished.

Grand Total: 154 creatures vanquished

Notes
Turn   | Place    | Note
--------------------------------------------------------------
     0 | D:1      | ketsa the Minotaur Berserker began the quest for the Orb.
     0 | D:1      | Reached XP level 1. HP: 19/19 MP: 0/0
   510 | D:1      | Reached XP level 2. HP: 27/27 MP: 1/1
   512 | D:1      | Reached skill level 4 in Axes
  1407 | D:2      | Reached XP level 3. HP: 30/33 MP: 2/2
  1517 | D:2      | Reached ** piety under Trog
  1561 | D:2      | Reached skill level 5 in Axes
  1574 | D:2      | Reached XP level 4. HP: 24/40 MP: 3/3
  2100 | D:3      | Noticed Ijyb
  2114 | D:3      | Killed Ijyb
  2122 | D:3      | Found a shattered altar of Ashenzari.
  2191 | D:3      | Noticed Sigmund
  2203 | D:3      | Killed Sigmund
  2203 | D:3      | Reached skill level 5 in Fighting
  2203 | D:3      | Reached skill level 6 in Axes
  2203 | D:3      | Reached XP level 5. HP: 48/48 MP: 4/4
  2203 | D:3      | Reached XP level 6. HP: 56/56 MP: 5/5
  2424 | D:3      | Found a white marble altar of Elyvilon.
  2660 | D:3      | Reached *** piety under Trog
  2782 | D:3      | Noticed Robin
  2820 | D:3      | Killed Robin
  2910 | D:3      | Found a basalt altar of Yredelemnul.
  3265 | D:4      | Reached skill level 7 in Axes
  3782 | D:4      | Noticed Pikel
  3793 | D:4      | Killed Pikel
  3793 | D:4      | Reached skill level 8 in Axes
  3793 | D:4      | Reached skill level 5 in Armour
  3793 | D:4      | Reached XP level 7. HP: 64/64 MP: 6/6
  3934 | D:4      | Reached XP level 8. HP: 69/71 MP: 7/7
  4067 | D:4      | Reached **** piety under Trog
  4122 | D:4      | Found an iron altar of Okawaru.
  4259 | D:5      | Entered Level 5 of the Dungeon
  4259 | D:5      | Noticed Dowan
  4344 | D:5      | Noticed Crazy Yiuf
  4351 | D:5      | Killed Crazy Yiuf
  4490 | D:5      | Reached skill level 9 in Axes
  4710 | D:5      | Noticed Duvessa
  4722 | D:5      | Killed Duvessa
  4730 | D:5      | Killed Dowan
  4944 | D:5      | Found a blossoming altar of Fedhas.
  5022 | D:5      | Noticed septik's ghost (novice NaFi)
  5317 | D:5      | Reached skill level 10 in Axes
  5464 | D:5      | Noticed Grinder
  5478 | D:5      | Killed Grinder
  5478 | D:5      | Reached skill level 1 in Evocations
  5616 | D:5      | Killed septik's ghost
  5616 | D:5      | Reached XP level 9. HP: 81/81 MP: 8/10
  5888 | D:6      | Found a stormy altar of Qazlal.
  5924 | D:6      | Found a snail-covered altar of Cheibriados.
  5929 | D:6      | Found a deep blue altar of Sif Muna.
  6472 | D:6      | Found a shadowy altar of Dithmenos.
  6808 | D:6      | Found a sparkling altar of Nemelex Xobeh.
  6879 | D:6      | Found a sparkling altar of Nemelex Xobeh.
  7560 | D:7      | Found a staircase to the Ecumenical Temple.
  7569 | Temple   | Entered the Ecumenical Temple
  7771 | D:7      | Slain by an orc warrior

Action                   |  1- 3 |  4- 6 |  7- 9 || total
-------------------------+-------+-------+-------++-------
Melee: Hand axe          |    68 |   188 |   208 ||   464
Throw: Tomahawk          |       |       |    10 ||    10
Invok: Berserk           |       |     4 |     4 ||     8
       Trog's Hand       |       |     1 |     1 ||     2
       Burn Spellbooks   |       |       |     1 ||     1
Evoke: Wand              |       |       |     1 ||     1
  Use: Scroll            |       |       |     8 ||     8
       Potion            |       |       |     5 ||     5
  Eat: Chunk             |     2 |     9 |    15 ||    26
       Fruit             |       |     1 |     2 ||     3
       Pizza             |       |       |     1 ||     1
